 Dungeon Crawl Stone Soup version 0.20.0-15-g7f486f2 (webtiles) character file.

354 mopl the Sneak (level 6, -11/44 HPs)
             Began as a Demonspawn Assassin on June 9, 2017.
             Mangled by an ogre
             ... wielding a +0 giant club
              (28 damage)
             ... on level 4 of the Dungeon on June 10, 2017.
             The game lasted 00:05:05 (3780 turns).

mopl the Sneak (Demonspawn Assassin)                Turns: 3780, Time: 00:05:05

Health: -11/44     AC:  4    Str: 11    XL:     6   Next: 35%
Magic:  6/6        EV: 12    Int: 12    God:
Gold:   134        SH:  0    Dex: 17    Spells: 5/5 levels left

rFire    . . .     SeeInvis .   b - +0 blowgun
rCold    . . .     Gourm    .   (no shield)
rNeg     . . .     Faith    .   c - +0 robe
rPois    .         Spirit   .   (helmet restricted)
rElec    .         Reflect  .   d - +0 cloak
rCorr    .         Harm     .   m - +0 pair of gloves
MR       .....                  (no boots)
Stlth    +++.......             l - amulet of magic regeneration
Regen    0.2/turn               (no ring)
MPRegen  0.2/turn               (no ring)

@: no status effects
A: horns 1
a: no special abilities


You were on level 4 of the Dungeon.
You were not hungry.

You visited 1 branch of the dungeon, and saw 4 of its levels.

You collected 134 gold pieces.

Inventory:

Hand Weapons
 a - a +0 rapier
 b - a +0 blowgun (weapon)
 w - a +2 dagger
Missiles
 e - 13 poisoned needles
 f - a curare-tipped needle (quivered)
 h - 59 stones
 q - 42 sling bullets
Armour
 c - a +0 robe (worn)
 d - a +0 cloak (worn)
 m - a +0 pair of gloves (worn)
 B - a +0 large shield
Jewellery
 l - an amulet of magic regeneration (around neck)
Wands
 x - a wand of digging (14/24)
Scrolls
 j - 4 scrolls of teleportation {unknown}
 n - 2 scrolls of fear {unknown}
 r - a scroll of magic mapping {unknown}
 t - 6 scrolls of identify {unknown}
 v - 2 scrolls of enchant armour {unknown}
 A - a scroll of amnesia {unknown}
 E - a scroll of recharging {unknown}
Potions
 i - 3 potions of degeneration {unknown}
 o - 2 potions of heal wounds {unknown}
 s - 3 potions of haste {unknown}
 u - a potion of cancellation {unknown}
 z - a potion of magic {unknown}
 D - a potion of agility {unknown}
Books
 y - a book of Cantrips

   Spells                             Type                      Level
   a - Confusing Touch                Hexes                        1
   b - Animate Skeleton               Necromancy                   1
   c - Summon Small Mammal            Summoning                    1
   d - Apportation                    Translocation                1
Comestibles
 g - 3 bread rations
 k - 2 royal jellies
 p - a meat ration
 C - 4 chunks of flesh


   Skills:
 - Level 2.0 Fighting
 + Level 3.4 Short Blades
 + Level 3.4 Throwing
 - Level 0.8 Dodging
 * Level 5.7 Stealth


You had 5 spell levels left.
You didn't know any spells.

Dungeon Overview and Level Annotations

Branches:
Dungeon (4/15)
 Temple: D:4-7

Altars:
Cheibriados


Innate Abilities, Weirdness & Mutations

You have a pair of small horns on your head.


Message History

You are too injured to fight recklessly!
You are too injured to fight recklessly!
You are too injured to fight recklessly!
You are too injured to fight recklessly!
You are too injured to fight recklessly!
You are too injured to fight recklessly!
You are too injured to fight recklessly!
Things that are here:
a trident; a chain mail
There is an open door here.
b - a +0 blowgun (weapon)
Firing (i - inventory. (,) - cycle):
f - 2 curare-tipped needles (quivered)
Press: ? - help, Shift-Dir - straight line, f - ogre
Aim: an ogre, wielding a giant club (lightly wounded)
You shoot a curare-tipped needle. The curare-tipped needle hits the ogre.
The ogre is poisoned.
The ogre convulses.
The ogre seems to slow down.
The ogre is heavily wounded.
The ogre hits you with a giant club!!
Ouch! That really hurt!
You die...

### ## #.### ...... .... #.
#.##.###.# # #. #.##..@O.# .#
#.# #.##..##.# ##.## #.##
#.##..##'##.....
#..#######.##..#.........
##........................ ..
##...........................
##..#####....#..#.....#.##.#
...>.........'....)...#....##
..<...###....#........#.....#


You could see an ogre.

Vanquished Creatures
  An ogre (D:4)
  An orc wizard (D:4)
  2 bullfrog skeletons (D:4)
  7 adders
  3 gnolls (D:4)
  An ooze (D:4)
  4 worms
  A dart slug (D:3)
  A leopard gecko (D:2)
  12 orcs
  8 bats
  3 giant cockroaches
  5 goblins
  9 hobgoblins
  A ball python (D:2)
  3 frilled lizards
  7 kobolds
  6 rats
75 creatures vanquished.

Notes
Turn   | Place    | Note
-------+----------+-------------------------------------------
     0 | D:1      | mopl the Demonspawn Assassin began the quest for the Orb.
     0 | D:1      | Reached XP level 1. HP: 16/16 MP: 1/1
   462 | D:1      | Reached skill level 2 in Throwing
   573 | D:1      | Gained mutation: You have a pair of small horns on your head. [demonic ancestry]
   573 | D:1      | Reached XP level 2. HP: 18/22 MP: 2/2
   581 | D:1      | Reached skill level 2 in Short Blades
   781 | D:1      | Reached skill level 4 in Stealth
  1258 | D:2      | Reached XP level 3. HP: 10/27 MP: 3/3
  1626 | D:2      | Found a snail-covered altar of Cheibriados.
  2183 | D:2      | Reached XP level 4. HP: 24/33 MP: 4/4
  3006 | D:4      | Reached XP level 5. HP: 31/38 MP: 5/5
  3112 | D:3      | Noticed an ice beast
  3245 | D:4      | Reached skill level 3 in Short Blades
  3245 | D:4      | Reached skill level 5 in Stealth
  3259 | D:4      | Noticed an ogre
  3283 | D:4      | Killed an ogre
  3283 | D:4      | Reached skill level 3 in Throwing
  3326 | D:4      | Reached XP level 6. HP: 40/44 MP: 6/6
  3780 | D:4      | Mangled by an ogre

Skill      XL: |  1  2  3  4  5 |
---------------+----------------+-----
Throwing       | 2 3 |  3.4
Short Blades   | 2 3 |  3.4
Stealth        | 4 5 |  5.7
Fighting       | |  2.0
Dodging        | |  0.8

Action                   |  1- 3 |  4- 6 || total
-------------------------+-------+-------++-------
Melee: Dagger            |    56 |       ||    56
       Rapier            |    46 |   145 ||   191
       Headbutt          |    10 |    27 ||    37
 Fire: Blowgun           |       |    22 ||    22
 Stab: Sleeping          |     7 |     1 ||     8
       Distracted        |     1 |       ||     1
  Eat: Chunk             |     2 |     7 ||     9
Armor: Robe              |    20 |    27 ||    47
Dodge: Dodged            |    59 |   105 ||   164
